 Dungeon Crawl Stone Soup version 0.29.1-13-g9f3cf754e1 (webtiles) character file.

Game seed: 140460572593400881

49 leafyfresh the Changer (level 3, 0/26 HPs)
             Began as a Merfolk Transmuter on Jan 29, 2023.
             Slain by a quokka (4 damage)
             ... on level 2 of the Dungeon.
             The game lasted 00:02:35 (2970 turns).

leafyfresh the Changer (Merfolk Transmuter)         Turns: 2970, Time: 00:02:36

Health: 0/26       AC:  2    Str: 10    XL:     3   Next: 77%
Magic:  3/6        EV: 20    Int: 12    God:
Gold:   47         SH:  0    Dex: 21    Spells: 2/6 levels left

rFire   . . .      SeeInvis .     - Unarmed
rCold   . . .      Faith    .   (shield currently unavailable)
rNeg    . . .      Spirit   .   (body armour currently unavailable)
rPois   x          Reflect  .   (helmet currently unavailable)
rElec   .          Harm     .   (cloak currently unavailable)
rCorr   .          Rampage  .   (gloves currently unavailable)
Will    .....                   (boots currently unavailable)
Stlth   ++........              (no amulet)
HPRegen 0.08/turn               (no ring)
MPRegen 0.10/turn               (no ring)

@: spider-form (expiring)
A: venomous fangs, tiny, (nimble swimmer 2), (mertail)
a: End Transformation


You were on level 2 of the Dungeon.
You were a venomous arachnid creature.
You visited 1 branch of the dungeon, and saw 2 of its levels.

You collected 47 gold pieces.

Inventory:

Hand Weapons
 f - a +0 short sword (melded)
Armour
 a - a +0 robe (melded)
 d - a +0 leather armour
 g - a scarf of resistance (melded)
Scrolls
 h - 2 scrolls of enchant armour {unknown}
Potions
 b - a potion of lignification
 c - a potion of ambrosia {unknown}
 e - a potion of flight {unknown}
 i - a potion of berserk rage {unknown}


   Skills:
 - Level 1.1 Fighting
 - Level 2.6 Dodging
 - Level 3.2 Unarmed Combat
 - Level 2.0 Spellcasting
 + Level 5.3 Transmutations


You had 2 spell levels left.
You knew the following spells:

 Your Spells              Type           Power      Damage    Failure   Level
a - Beastly Appendage     Tmut           28%        N/A       11%         1
b - Spider Form           Tmut/Pois      7%         N/A       47%         3

Your spell library contained the following spells:

 Spells                   Type           Power      Damage    Failure   Level
 Wereblood                Tmut           14%        N/A       14%         2
 Magic Dart               Conj           4%         1d3       47%         1
 Searing Ray              Conj           2%         2d4       61%         2
 Portal Projectile        Hex/Tloc       2%         N/A       82%         3
 Tukima's Dance           Hex            1%         N/A       82%         3
 Blade Hands              Tmut           7%         N/A       82%         5
 Ice Form                 Ice/Tmut       7%         N/A       83%         4
 Fulminant Prism          Conj/Hex       0%         3d6       99%         4


Dungeon Overview and Level Annotations

Branches:
Dungeon (2/15)

Altars:


Innate Abilities, Weirdness & Mutations

You are a venomous arachnid creature.
You have poisonous fangs.
You are tiny and dextrous.
Your spellcasting is less reliable in this form.
Your armour is entirely melded.
You are incapable of wielding weapons or throwing items.
((You are very nimble when in or above water. (Stealth+, EV+, Speed+++)))
((Your lower body shifts to a powerful aquatic tail in water.))


Message History

Your +0 short sword unmelds from your body.
Your scarf of resistance unmelds from your body.
Your +0 robe unmelds from your body.
You feel resistant to extremes of temperature.
The adder hisses angrily.
The quokka bites you.
The ball python hisses angrily.
You hit the quokka but do no damage. The quokka bites you.
* * * LOW HITPOINT WARNING * * *
You hit the quokka.
The quokka is severely wounded.
The quokka bites you.
* * * LOW HITPOINT WARNING * * *
The quokka bites you.
* * * LOW HITPOINT WARNING * * *
Casting: Spider Form (extremely dangerous; 26% risk of failure)
Confirm with . or Enter, or press ? or * to list all spells.
The spell is extremely dangerous to miscast (26% risk of failure)!
Continue anyway?
You turn into a venomous arachnid creature.
Your +0 short sword melds into your body.
Your scarf of resistance melds into your body.
Your +0 robe melds into your body.
You feel hot and cold all over. The quokka misses you.
Unknown command.
The quokka attacks as you move away! The quokka misses you.
The quokka barely misses you. The quokka attacks as you move away!
The quokka closely misses you.
A dart slug comes into view.
Found a leather armour.
The quokka attacks as you move away! The quokka bites you.
* * * LOW HITPOINT WARNING * * *
Your transformation is almost over.
The quokka misses you.
You see here a rat skeleton.
The quokka attacks as you move away! The quokka barely misses you.
The quokka misses you.
The quokka twitches its whiskers.
You see here a worm corpse.
The quokka attacks as you move away! The quokka bites you.
You die...

..#......#...##..###
# ####.###..........
#.. ###รท########
#.. #S.......# #..
#........# .[w
#SJ......#
#........#
##...r..<# #...s...#
#....<..# #########


You could see an adder, an endoplasm, a quokka and a ball python.

Vanquished Creatures
  An adder (D:2)
  A worm (D:2)
  6 endoplasms (D:1)
  6 giant cockroaches (D:1)
  4 hobgoblins
  2 jackals (D:2)
  2 quokkas
  3 ball pythons (D:1)
  A bat (D:1)
  3 frilled lizards (D:1)
  3 kobolds (D:1)
  A rat (D:2)
33 creatures vanquished.

Notes
Turn   | Place    | Note
-------+----------+-------------------------------------------
     0 | D:1      | leafyfresh the Merfolk Transmuter began the quest for the
                  | Orb.
     0 | D:1      | Reached XP level 1. HP: 15/15 MP: 3/3
    18 | D:1      | Reached skill level 3 in Transmutations
   447 | D:1      | Reached XP level 2. HP: 21/21 MP: 5/5
   922 | D:1      | Reached skill level 4 in Transmutations
  1900 | D:1      | Reached XP level 3. HP: 20/26 MP: 6/6
  2565 | D:2      | Reached skill level 5 in Transmutations
  2861 | D:1      | Learned a level 3 spell: Spider Form
  2970 | D:2      | Slain by a quokka

Illustrated notes

Levels and vault maps discovered:
D:1:      dpeg_arrival_prison, layout_loops_cross, minmay_misc_feat_iff
D:2:      layout_loops_cross, chequers_ecumenical_altar_simple_redux,
          serial_shops, shop_coins, chequers_arboretum, minmay_pentomino_x4

Skill      XL: |  1  2  3 |
---------------+----------+-----
Transmutations | 3 4 5 |  5.3
Fighting       | |  1.1
Dodging        | |  2.6
Unarmed Combat | |  3.2
Spellcasting   | |  2.0

Action                   || total
-------------------------++-------
Melee: Unarmed           ||    63
       Headbutt          ||     5
       Punch             ||     3
       Short sword       ||    95
 Cast: Beastly Appendage ||     7
       Spider Form       ||     3
 Stab: Sleeping          ||     7
Armor: Robe              ||    22
       Skin              ||     1
Dodge: Dodged            ||    99
